Map: King Sejong Station LE

Players

Fritigern

  • Race: Protoss Protoss
  • League: Bronze

Kobra - Winner!

  • Race: Zerg Zerg
  • League: Bronze

VOD

Have the link to the VOD?

Description

Time

  • Played on: June 27, 2016, 10:30 p.m.
  • Length: 5:48
Show
View Real Time Build Order
Export as new Build Order

Fritigern Protoss 

Build Orders:  

Get SALT Encoding   

  12  0:08  Probe (Chrono Boost)  
  13  0:17  Pylon  
  13  0:19  Probe (Chrono Boost)  
  14  0:31  Probe (Chrono Boost)  
  15  0:39  Gateway  
  15  0:41  Probe (Chrono Boost)  
  16  0:50  Gateway  
  16  0:54  Probe (Chrono Boost)  
  17  1:05  Probe (Chrono Boost)  
  17  1:10  Assimilator  
  18  1:16  Gateway  
  18  1:17  Probe (Chrono Boost)  
  19  1:27  Probe (Chrono Boost)  
  19  1:29  Zealot  
  22  1:43  Pylon  
  22  1:47  Pylon  
  22  2:01  Zealot x2  
  22  2:03  Zealot  
  28  2:13  Probe (Chrono Boost)  
  29  2:19  Pylon  
  29  2:24  Probe (Chrono Boost)  
  30  2:33  Zealot x3  
  36  2:39  Assimilator  
  36  2:44  Pylon  
  36  3:03  Zealot x3  
  42  3:14  Cybernetics Core  
  42  3:33  Zealot x3  
  48  3:44  Probe (Chrono Boost)  
  49  4:17  Nexus  
  49  4:24  Stalker  
  49  4:25  Stalker  
  49  4:27  Stalker  
  55  4:50  Pylon  
  55  4:52  Forge  
  55  5:01  Pylon  
  55  5:02  Pylon  
Show
View Real Time Build Order
Export as new Build Order

Kobra Zerg - Winner!

Build Orders: Pool First 

Get SALT Encoding   

  12  0:02  Drone  
  13  0:08  Drone  
  13  0:13  Extractor  
  13  0:17  Extractor  
  13  0:19  Drone  
  13  0:23  Drone  
  16  0:36  Overlord  
  16  0:51  Spawning Pool  
  16  0:55  Drone  
  16  0:58  Drone x2  
  18  1:07  Drone  
  19  1:18  Drone  
  20  1:28  Extractor  
  19  1:35  Drone  
  20  1:42  Drone  
  21  1:51  Drone  
  22  1:56  Hatchery  
  21  2:02  Zergling x2  
  22  2:30  Overlord x2  
  22  2:45  Roach Warren  
  22  2:47  Queen  
  23  2:53  Drone x2  
  25  2:59  Drone  
  26  3:11  Drone  
  27  3:19  Drone x2  
  29  3:23  Zergling x2, Queen  
  32  3:28  Metabolic Boost  
  32  3:33  Drone  
  32  3:34  Drone  
  34  3:39  Queen  
  36  3:41  Drone  
  36  3:42  Drone  
  38  3:59  Drone  
  38  4:00  Drone x2  
  41  4:11  Drone x2  
  41  4:12  Zergling x2  
  43  4:30  Zergling x2  
  43  4:31  Overlord x4  
  43  4:48  Queen x2  
  43  4:49  Roach x3  
  43  4:50  Roach  
  49  5:07  Drone  
  49  5:08  Drone x2  
  49  5:09  Roach  
  53  5:27  Spine Crawler  
  53  5:28  Spine Crawler  
  51  5:30  Spine Crawler  
Tags
 
Add a new tag
Caveats
  • Supply blocks, unpowered buildings, or Contaminate may cause inaccurate times.
  • Supply counts are checked every 10 seconds.